 Dungeon Crawl Stone Soup version 0.25-a0-185-g6cfeca7 (webtiles) character file.

Game seed: 7669173915476909512, levelgen mode: deterministic

683 Burgerman5000 the Fighter (level 7, -4/72 HPs)
             Began as a Merfolk Skald on Nov 29, 2019.
             Slain by an adder (5 damage)
             ... in a sewer.
             The game lasted 00:13:22 (3942 turns).

Burgerman5000 the Fighter (Merfolk Skald)           Turns: 3942, Time: 00:13:23

Health: -4/72      AC:  4    Str: 12    XL:     7   Next: 61%
Magic:  8/12       EV: 17    Int: 13    God:
Gold:   131        SH:  0    Dex: 14    Spells: 3/12 levels left

rFire    . . .     SeeInvis .   a - +0 spear
rCold    . . .     Gourm    .   (no shield)
rNeg     . . .     Faith    .   b - +0 leather armour
rPois    .         Spirit   .   (no helmet)
rElec    .         Reflect  .   (no cloak)
rCorr    +         Harm     .   l - +0 pair of gloves (curse)
MR       .....                  (boots currently unavailable)
Stlth    +++.......             (no amulet)
HPRegen  0.22/turn              i - ring of stealth
MPRegen  0.13/turn              m - ring of resist corrosion

@: lethally poisoned (-4 -> -11), singing, very quick
A: change form in water, swift swim, stealthy swim
a: no special abilities


You were in a sewer.
You were not hungry.

You visited 1 branch of the dungeon, and saw 3 of its levels.
You also visited: Sewer.

You collected 131 gold pieces.

Inventory:

Hand Weapons
 a - a +0 spear (weapon)
Missiles
 j - 11 poisoned darts (quivered)
Armour
 b - a +0 leather armour (worn)
 k - a +0 pair of boots (melded)
 l - a cursed +0 pair of gloves (worn)
Jewellery
 i - a ring of stealth (left hand)
 m - a ring of resist corrosion (right hand)
Scrolls
 c - a scroll of blinking {unknown}
 h - 4 scrolls of identify {unknown}
 o - 3 scrolls of magic mapping
 p - a scroll of fear {unknown}
Potions
 g - 4 potions of magic
Comestibles
 d - 6 rations
 f - 14 chunks of flesh


   Skills:
 * Level 13.6 Fighting
 + Level 4.3 Polearms
 - Level 0.6 Armour
 * Level 4.5 Dodging
 * Level 3.3 Spellcasting
 + Level 1.6 Hexes
 + Level 4.1 Charms


You had 3 spell levels left.
You knew the following spells:

 Your Spells              Type           Power        Failure   Level  Hunger
a - Infusion              Chrm           ##..         4%          1    #......
b - Spectral Weapon       Hex/Chrm       #.......     26%         3    ###....
d - Song of Slaying       Chrm           ##......     8%          2    ##.....
r - Regeneration          Chrm/Necr      #.........   34%         3    ###....

Your spell library contained the following spells:

 Spells                   Type           Power        Failure   Level  Hunger
 Shroud of Golubria       Chrm/Tloc      #.....       19%         2    ##.....


Dungeon Overview and Level Annotations

Branches:
Dungeon (3/15)              Sewer (1/1)

Altars:


Message History

Your Fighting skill gained 9 levels and is now at level 13!
You have reached level 7!
* * * LOW HITPOINT WARNING * * *
You butt sick.
The adder bites you but does no damage. The ball python butt-ly misses you.
The ball python misses you. The adder closely misses you.
The bullfrog closely misses you. The adder bites you but does no damage.
The bullfrog barely misses you.
* * * LOW HITPOINT WARNING * * *
You feel sick. The adder barely misses you. The bullfrog closely misses you.
As you butt the scroll labeled ILIQEIJEFO, it crumbles to dust.
It is a scroll of amnesia.
Really abort (and waste the scroll)? [Y]es or [N]o only, please.
Really abort (and waste the butt)?
Okay, then.
* * * LOW HITPOINT WARNING * * *
You feel sick.
The ball python closely misses butt.
The ball python closely misses you. The adder bites you.
You die...

####################....#
##...## #####...#
#..'....# #..#....#
####...##
##################....#
...#≈≈≈≈≈≈SFS≈≈≈≈≈≈#.....#
....≈≈≈≈l≈SF@≈≈≈≈≈≈≈....##
...≈#≈≈†≈≈≈SS≈≈≈≈≈≈≈....#
....≈≈≈≈≈#≈≈≈≈≈≈≈≈≈.....#
...≈≈≈≈≈#≈..≈≈≈≈≈≈≈≈...##
...#≈≈≈≈≈≈≈≈≈≈≈≈≈≈≈..###
## ###################


You could see 2 bullfrogs, 3 adders, 2 ball pythons and a frilled lizard.

Vanquished Creatures
  An ogre (D:2)
  A worker ant (D:1)
  5 gnolls
  8 adders
  3 river rats (Sewer)
  2 worms
  3 dart slugs
  2 leopard geckos (D:1)
  An orc (D:3)
  8 ball pythons
  A giant cockroach (D:1)
  5 goblins
  6 hobgoblins (D:2)
  3 jackals (D:3)
  5 kobolds
  2 quokkas (D:2)
  6 bats
  7 frilled lizards
  27 rats
  A plant (D:2)
97 creatures vanquished.

Vanquished Creatures (others)
  A bush (D:2)
  A spectral weapon (Sewer)
2 creatures vanquished.

Grand Total: 99 creatures vanquished

Notes
Turn   | Place    | Note
-------+----------+-------------------------------------------
     0 | D:1      | Burgerman5000 the Merfolk Skald began the quest for the
                  | Orb.
     0 | D:1      | Reached XP level 1. HP: 16/16 MP: 3/3
    40 | D:1      | Reached XP level 2. HP: 7/23 MP: 0/5
    51 | D:1      | HP: 1/23 [leopard gecko (2)]
   126 | D:1      | HP: 1/23 [leopard gecko (5)]
   675 | D:1      | Reached XP level 3. HP: 28/28 MP: 2/6
   883 | D:1      | Learned a level 3 spell: Spectral Weapon
  1275 | D:2      | Noticed an ogre
  1566 | D:2      | Reached skill level 3 in Fighting
  1641 | D:2      | Reached XP level 4. HP: 34/35 MP: 1/7
  1677 | D:1      | HP: 1/35 [poisoned by a worker ant]
  1683 | D:1      | HP: 1/35 [poisoned by a worker ant]
  2479 | D:2      | Reached XP level 5. HP: 41/41 MP: 5/9
  2552 | D:2      | Killed an ogre
  2552 | D:2      | Reached skill level 1 in Hexes
  2606 | D:2      | Learned a level 3 spell: Regeneration
  2796 | D:2      | Reached XP level 6. HP: 45/48 MP: 3/10
  3417 | D:3      | Found a glowing drain.
  3476 | Sewer    | Entered a sewer
  3629 | Sewer    | Reached skill level 4 in Fighting
  3716 | Sewer    | Learned a level 2 spell: Song of Slaying
  3938 | Sewer    | HP: 2/48 [poisoned by an adder]
  3939 | Sewer    | Reached skill level 13 in Fighting
  3939 | Sewer    | Reached XP level 7. HP: 3/72 MP: 7/12
  3942 | Sewer    | Slain by an adder

Levels and vault maps discovered:
D:1:      dpeg_arrival_lava_temple_mockup, layout_loops_cross
D:2:      minmay_chambers_of_ones, layout_rooms, serial_forest,
          infiniplex_forest_straight_4, infiniplex_forest_straight_2,
          infiniplex_forest_straight_3, infiniplex_forest_clump_small,
          infiniplex_forest_clump_curved, infiniplex_forest_lined_room_2,
          infiniplex_forest_corner_1, infiniplex_forest_lined_3,
          infiniplex_forest_lined_room_, minivault_4
D:3:      layout_rooms, cheibrodos_sewer_entry_bend
Sewer:    sewer_minmay_w

Skill      XL: |  1  2  3  4  5  6 |
---------------+-------------------+-----
Dodging        | 3 4 |  4.5
Fighting       | 3 13 | 13.6
Spellcasting   | 3 |  3.3
Hexes          | 1 |  1.6
Charms         | 4 |  4.1
Polearms       | 4 |  4.3
Armour         | |  0.6

Action                   |  1- 3 |  4- 6 |  7- 9 || total
-------------------------+-------+-------+-------++-------
Melee: Spear             |    74 |   253 |       ||   327
       Tailslap          |       |     7 |       ||     7
 Cast: Infusion          |    16 |    23 |       ||    39
       Spectral Weapon   |       |     5 |       ||     5
       Song of Slaying   |       |     2 |       ||     2
  Use: Potion            |       |     3 |       ||     3
       Scroll            |       |     1 |     1 ||     2
 Stab: Sleeping          |     2 |     6 |       ||     8
  Eat: Chunk             |     3 |     8 |       ||    11
Armor: Leather armour    |    16 |    24 |     2 ||    42
Dodge: Dodged            |    39 |   170 |     9 ||   218

Table legend:
 A = Non-vault XP
 B = Vault XP
 C = Vault XP percentage of total XP
 D = Non-vault monster count
 E = Vault monster count
 F = Vault count percentage of total count
                 A         B        C        D         E       F
            +---------+---------+-------+---------+---------+-------
      Total |     322 |     181 |  36.0 |      50 |      46 |  47.9
            +---------+---------+-------+---------+---------+-------
        D:1 |      57 |      36 |  38.7 |      17 |       1 |   5.6
        D:2 |     255 |      21 |   7.6 |      28 |       4 |  12.5
        D:3 |      10 |       5 |  33.3 |       5 |       1 |  16.7
      Sewer |       0 |     119 | 100.0 |       0 |      40 | 100.0
            +---------+---------+-------+---------+---------+-------
